Unix NetHack Version 3.7.0-62 Work-in-progress - last build Sep 11 2022 12:50:24 (50a4e0875b74f16bdbec0d79e29a59bb940978ed,branch:master).

Game began 2022-09-18 18:56:55, ended 2022-09-19 13:25:06.

rustyspoon, neutral female human Tourist

  
unexplored area
unexplored area
unexplored area
unexplored area
unexplored area
unexplored area
unexplored area
unexplored area
unexplored area
unexplored area
unexplored area
unexplored area
unexplored area
unexplored area
unexplored area
unexplored area
unexplored area
unexplored area
unexplored area
unexplored area
unexplored area
unexplored area
unexplored area
unexplored area
unexplored area
unexplored area
unexplored area
unexplored area
unexplored area
unexplored area
unexplored area
unexplored area
unexplored area
unexplored area
unexplored area
unexplored area
unexplored area
unexplored area
unexplored area
unexplored area
unexplored area
unexplored area
unexplored area
unexplored area
unexplored area
unexplored area
unexplored area
unexplored area
unexplored area
unexplored area
unexplored area
unexplored area
unexplored area
unexplored area
unexplored area
unexplored area
unexplored area
unexplored area
unexplored area
unexplored area
unexplored area
unexplored area
unexplored area
unexplored area
unexplored area
unexplored area
unexplored area
unexplored area
unexplored area
unexplored area
unexplored area
unexplored area
unexplored area
unexplored area
unexplored area
unexplored area
unexplored area
unexplored area
unexplored area
unexplored area
unexplored area
unexplored area
unexplored area
unexplored area
unexplored area
unexplored area
unexplored area
unexplored area
unexplored area
unexplored area
unexplored area
unexplored area
unexplored area
unexplored area
unexplored area
unexplored area
unexplored area
unexplored area
unexplored area
unexplored area
unexplored area
unexplored area
unexplored area
unexplored area
unexplored area
unexplored area
unexplored area
unexplored area
unexplored area
unexplored area
unexplored area
unexplored area
unexplored area
unexplored area
unexplored area
wall
wall
wall
wall
wall
wall
wall
wall
wall
wall
wall
wall
unexplored area
unexplored area
unexplored area
unexplored area
unexplored area
unexplored area
unexplored area
unexplored area
unexplored area
unexplored area
unexplored area
unexplored area
unexplored area
unexplored area
unexplored area
unexplored area
unexplored area
unexplored area
unexplored area
unexplored area
unexplored area
unexplored area
unexplored area
unexplored area
unexplored area
unexplored area
unexplored area
unexplored area
unexplored area
unexplored area
unexplored area
unexplored area
unexplored area
unexplored area
unexplored area
unexplored area
unexplored area
unexplored area
unexplored area
unexplored area
unexplored area
unexplored area
unexplored area
unexplored area
unexplored area
unexplored area
unexplored area
unexplored area
unexplored area
unexplored area
unexplored area
unexplored area
unexplored area
unexplored area
unexplored area
unexplored area
unexplored area
unexplored area
unexplored area
unexplored area
unexplored area
unexplored area
unexplored area
unexplored area
unexplored area
unexplored area
unexplored area
)some greased crude daggers
%a priestess corpse
)a mace
)a long sword
.dark part of a room
)a crude dagger
.dark part of a room
.dark part of a room
.dark part of a room
.dark part of a room
.dark part of a room
wall
unexplored area
unexplored area
unexplored area
unexplored area
unexplored area
unexplored area
unexplored area
unexplored area
unexplored area
unexplored area
unexplored area
unexplored area
unexplored area
unexplored area
unexplored area
unexplored area
unexplored area
unexplored area
unexplored area
unexplored area
unexplored area
unexplored area
unexplored area
unexplored area
unexplored area
unexplored area
unexplored area
unexplored area
unexplored area
unexplored area
unexplored area
unexplored area
unexplored area
unexplored area
unexplored area
unexplored area
unexplored area
unexplored area
unexplored area
unexplored area
unexplored area
unexplored area
unexplored area
unexplored area
unexplored area
unexplored area
unexplored area
unexplored area
unexplored area
unexplored area
unexplored area
unexplored area
unexplored area
unexplored area
unexplored area
unexplored area
unexplored area
unexplored area
unexplored area
unexplored area
unexplored area
unexplored area
unexplored area
unexplored area
unexplored area
unexplored area
unexplored area
wall
wall
wall
)a long sword
wall
wall
wall
wall
.dark part of a room
.dark part of a room
.dark part of a room
wall
wall
wall
unexplored area
unexplored area
unexplored area
unexplored area
unexplored area
unexplored area
unexplored area
unexplored area
unexplored area
unexplored area
unexplored area
unexplored area
unexplored area
unexplored area
unexplored area
unexplored area
unexplored area
unexplored area
unexplored area
unexplored area
unexplored area
unexplored area
unexplored area
unexplored area
unexplored area
unexplored area
unexplored area
unexplored area
unexplored area
unexplored area
unexplored area
unexplored area
unexplored area
unexplored area
unexplored area
unexplored area
unexplored area
unexplored area
unexplored area
unexplored area
unexplored area
unexplored area
unexplored area
unexplored area
unexplored area
unexplored area
unexplored area
unexplored area
unexplored area
unexplored area
unexplored area
unexplored area
unexplored area
unexplored area
unexplored area
unexplored area
unexplored area
unexplored area
unexplored area
unexplored area
unexplored area
unexplored area
unexplored area
unexplored area
wall
.dark part of a room
.dark part of a room
.dark part of a room
.dark part of a room
.dark part of a room
.dark part of a room
.dark part of a room
wall
wall
.dark part of a room
.dark part of a room
.dark part of a room
.dark part of a room
wall
unexplored area
unexplored area
unexplored area
unexplored area
unexplored area
unexplored area
unexplored area
unexplored area
unexplored area
unexplored area
unexplored area
unexplored area
unexplored area
unexplored area
unexplored area
unexplored area
unexplored area
unexplored area
unexplored area
unexplored area
unexplored area
unexplored area
unexplored area
unexplored area
unexplored area
unexplored area
unexplored area
unexplored area
unexplored area
unexplored area
unexplored area
unexplored area
unexplored area
unexplored area
unexplored area
unexplored area
unexplored area
unexplored area
unexplored area
unexplored area
unexplored area
unexplored area
unexplored area
unexplored area
unexplored area
unexplored area
unexplored area
unexplored area
unexplored area
unexplored area
unexplored area
unexplored area
unexplored area
unexplored area
unexplored area
unexplored area
unexplored area
unexplored area
unexplored area
unexplored area
unexplored area
unexplored area
unexplored area
unexplored area
.dark part of a room
.dark part of a room
.dark part of a room
.dark part of a room
.dark part of a room
.dark part of a room
.dark part of a room
.dark part of a room
unexplored area
wall
wall
.dark part of a room
.dark part of a room
.dark part of a room
wall
wall
wall
wall
wall
wall
wall
unexplored area
unexplored area
unexplored area
unexplored area
unexplored area
unexplored area
unexplored area
unexplored area
unexplored area
unexplored area
unexplored area
unexplored area
unexplored area
unexplored area
unexplored area
unexplored area
unexplored area
unexplored area
unexplored area
unexplored area
unexplored area
unexplored area
unexplored area
unexplored area
unexplored area
unexplored area
unexplored area
unexplored area
unexplored area
unexplored area
unexplored area
unexplored area
unexplored area
unexplored area
unexplored area
unexplored area
unexplored area
unexplored area
unexplored area
unexplored area
unexplored area
unexplored area
unexplored area
unexplored area
unexplored area
unexplored area
unexplored area
unexplored area
unexplored area
unexplored area
unexplored area
unexplored area
unexplored area
unexplored area
unexplored area
unexplored area
unexplored area
unexplored area
.dark part of a room
.dark part of a room
.dark part of a room
.dark part of a room
.dark part of a room
.dark part of a room
.dark part of a room
.dark part of a room
unexplored area
unexplored area
wall
.dark part of a room
.dark part of a room
.dark part of a room
.dark part of a room
.dark part of a room
.dark part of a room
.dark part of a room
%a killer bee corpse
.dark part of a room
wall
unexplored area
unexplored area
unexplored area
unexplored area
unexplored area
unexplored area
wall
wall
wall
wall
wall
unexplored area
unexplored area
unexplored area
unexplored area
unexplored area
unexplored area
unexplored area
unexplored area
unexplored area
unexplored area
unexplored area
unexplored area
unexplored area
unexplored area
unexplored area
unexplored area
unexplored area
unexplored area
unexplored area
unexplored area
unexplored area
unexplored area
unexplored area
unexplored area
unexplored area
unexplored area
unexplored area
unexplored area
unexplored area
unexplored area
unexplored area
unexplored area
unexplored area
unexplored area
unexplored area
unexplored area
unexplored area
unexplored area
unexplored area
unexplored area
unexplored area
unexplored area
unexplored area
unexplored area
unexplored area
unexplored area
unexplored area
unexplored area
.dark part of a room
.dark part of a room
.dark part of a room
.dark part of a room
.dark part of a room
.dark part of a room
.dark part of a room
unexplored area
unexplored area
wall
wall
wall
wall
wall
wall
wall
.dark part of a room
%a giant ant corpse
.dark part of a room
wall
unexplored area
unexplored area
unexplored area
unexplored area
unexplored area
unexplored area
wall
.dark part of a room
.dark part of a room
.dark part of a room
unexplored area
unexplored area
unexplored area
unexplored area
unexplored area
unexplored area
unexplored area
unexplored area
unexplored area
unexplored area
unexplored area
unexplored area
unexplored area
unexplored area
unexplored area
unexplored area
unexplored area
unexplored area
unexplored area
unexplored area
unexplored area
unexplored area
unexplored area
unexplored area
unexplored area
unexplored area
unexplored area
unexplored area
unexplored area
unexplored area
unexplored area
unexplored area
unexplored area
unexplored area
unexplored area
unexplored area
unexplored area
unexplored area
unexplored area
unexplored area
unexplored area
unexplored area
unexplored area
unexplored area
unexplored area
unexplored area
unexplored area
unexplored area
unexplored area
.dark part of a room
.dark part of a room
.dark part of a room
.dark part of a room
.dark part of a room
.dark part of a room
.dark part of a room
unexplored area
unexplored area
unexplored area
unexplored area
unexplored area
unexplored area
unexplored area
wall
wall
wall
%a giant beetle corpse
wall
wall
wall
wall
unexplored area
unexplored area
unexplored area
wall
wall
.dark part of a room
%a giant beetle corpse
wall
wall
wall
wall
wall
wall
wall
wall
wall
unexplored area
unexplored area
unexplored area
unexplored area
unexplored area
unexplored area
unexplored area
unexplored area
unexplored area
unexplored area
unexplored area
unexplored area
unexplored area
unexplored area
unexplored area
unexplored area
unexplored area
unexplored area
unexplored area
unexplored area
unexplored area
unexplored area
unexplored area
unexplored area
unexplored area
unexplored area
unexplored area
unexplored area
unexplored area
unexplored area
unexplored area
unexplored area
unexplored area
unexplored area
unexplored area
unexplored area
unexplored area
unexplored area
unexplored area
wall
wall
wall
wall
wall
|open door
wall
wall
wall
wall
wall
unexplored area
unexplored area
unexplored area
unexplored area
unexplored area
.dark part of a room
%a giant beetle corpse
.dark part of a room
%a soldier ant corpse
)a long sword
.dark part of a room
.dark part of a room
wall
wall
unexplored area
wall
wall
.dark part of a room
.dark part of a room
.dark part of a room
wall
.dark part of a room
.dark part of a room
.dark part of a room
.dark part of a room
.dark part of a room
.dark part of a room
.dark part of a room
wall
unexplored area
unexplored area
unexplored area
unexplored area
unexplored area
unexplored area
unexplored area
unexplored area
unexplored area
unexplored area
unexplored area
unexplored area
unexplored area
unexplored area
unexplored area
unexplored area
unexplored area
unexplored area
unexplored area
unexplored area
unexplored area
unexplored area
unexplored area
unexplored area
unexplored area
unexplored area
unexplored area
unexplored area
unexplored area
unexplored area
unexplored area
unexplored area
unexplored area
unexplored area
unexplored area
unexplored area
unexplored area
wall
wall
wall
.dark part of a room
.dark part of a room
Apeaceful invisible Angel of The Lady
%a fire ant corpse
@priestess of Blind Io
AAngel of Offler
.dark part of a room
AAngel of Blind Io
.dark part of a room
wall
wall
wall
unexplored area
unexplored area
unexplored area
.dark part of a room
.dark part of a room
.dark part of a room
.dark part of a room
$29 gold pieces
%a winter wolf corpse
.dark part of a room
.dark part of a room
wall
wall
wall
%a giant ant corpse
.dark part of a room
.dark part of a room
.dark part of a room
wall
.dark part of a room
.dark part of a room
.dark part of a room
.dark part of a room
.dark part of a room
.dark part of a room
.dark part of a room
wall
unexplored area
unexplored area
unexplored area
unexplored area
unexplored area
unexplored area
unexplored area
unexplored area
unexplored area
unexplored area
unexplored area
unexplored area
unexplored area
unexplored area
unexplored area
unexplored area
unexplored area
unexplored area
unexplored area
unexplored area
unexplored area
unexplored area
unexplored area
unexplored area
unexplored area
unexplored area
unexplored area
unexplored area
unexplored area
unexplored area
unexplored area
unexplored area
unexplored area
unexplored area
unexplored area
unexplored area
unexplored area
wall
.dark part of a room
.dark part of a room
.dark part of a room
.dark part of a room
@priestess of Offler
.dark part of a room
@priestess of Offler
.dark part of a room
.dark part of a room
.dark part of a room
.dark part of a room
.dark part of a room
.dark part of a room
wall
unexplored area
unexplored area
unexplored area
unexplored area
.dark part of a room
.dark part of a room
.dark part of a room
.dark part of a room
.dark part of a room
.dark part of a room
%a giant beetle corpse
.dark part of a room
-open door
%a soldier ant corpse
%Pestilence's corpse
.dark part of a room
.dark part of a room
)a mace
-open door
.dark part of a room
.dark part of a room
.dark part of a room
_aligned high altar
.dark part of a room
.dark part of a room
.dark part of a room
wall
unexplored area
unexplored area
unexplored area
unexplored area
unexplored area
unexplored area
unexplored area
unexplored area
unexplored area
unexplored area
unexplored area
unexplored area
unexplored area
unexplored area
unexplored area
unexplored area
unexplored area
unexplored area
unexplored area
unexplored area
unexplored area
unexplored area
unexplored area
unexplored area
unexplored area
unexplored area
unexplored area
unexplored area
unexplored area
unexplored area
unexplored area
unexplored area
unexplored area
unexplored area
unexplored area
unexplored area
unexplored area
wall
.dark part of a room
Dgreen dragon
wall
wall
wall
wall
%a giant beetle corpse
wall
wall
wall
wall
unexplored area
.dark part of a room
wall
unexplored area
unexplored area
unexplored area
unexplored area
unexplored area
.dark part of a room
.dark part of a room
.dark part of a room
.dark part of a room
%a giant beetle corpse
.dark part of a room
wall
wall
wall
.dark part of a room
.dark part of a room
.dark part of a room
%a giant beetle corpse
wall
.dark part of a room
.dark part of a room
.dark part of a room
)a mace
.dark part of a room
.dark part of a room
.dark part of a room
wall
unexplored area
unexplored area
unexplored area
unexplored area
unexplored area
unexplored area
unexplored area
unexplored area
unexplored area
unexplored area
unexplored area
unexplored area
unexplored area
unexplored area
unexplored area
unexplored area
unexplored area
unexplored area
unexplored area
unexplored area
unexplored area
unexplored area
unexplored area
unexplored area
unexplored area
unexplored area
unexplored area
unexplored area
unexplored area
unexplored area
unexplored area
unexplored area
unexplored area
unexplored area
unexplored area
unexplored area
unexplored area
wall
unexplored area
unexplored area
wall
.floor of a room
.floor of a room
.floor of a room
.floor of a room
.floor of a room
.floor of a room
.floor of a room
wall
unexplored area
unexplored area
wall
unexplored area
unexplored area
unexplored area
unexplored area
unexplored area
unexplored area
.dark part of a room
.dark part of a room
.dark part of a room
.dark part of a room
wall
wall
unexplored area
wall
wall
)a long sword
.dark part of a room
.dark part of a room
wall
.dark part of a room
.dark part of a room
.dark part of a room
.dark part of a room
.dark part of a room
.dark part of a room
.dark part of a room
wall
unexplored area
unexplored area
unexplored area
unexplored area
unexplored area
unexplored area
unexplored area
unexplored area
unexplored area
unexplored area
unexplored area
unexplored area
unexplored area
unexplored area
unexplored area
unexplored area
unexplored area
unexplored area
unexplored area
unexplored area
unexplored area
unexplored area
unexplored area
unexplored area
unexplored area
unexplored area
unexplored area
unexplored area
unexplored area
unexplored area
unexplored area
unexplored area
unexplored area
unexplored area
unexplored area
unexplored area
unexplored area
unexplored area
Ainvisible Angel of Blind Io
unexplored area
wall
.floor of a room
.floor of a room
.floor of a room
.floor of a room
.floor of a room
.floor of a room
.floor of a room
wall
unexplored area
unexplored area
unexplored area
unexplored area
unexplored area
unexplored area
unexplored area
unexplored area
unexplored area
unexplored area
wall
wall
wall
wall
unexplored area
unexplored area
unexplored area
wall
wall
.dark part of a room
.dark part of a room
wall
wall
wall
wall
wall
wall
wall
wall
wall
unexplored area
unexplored area
unexplored area
unexplored area
unexplored area
unexplored area
unexplored area
unexplored area
unexplored area
unexplored area
unexplored area
unexplored area
unexplored area
unexplored area
unexplored area
unexplored area
unexplored area
unexplored area
unexplored area
unexplored area
unexplored area
unexplored area
unexplored area
unexplored area
unexplored area
unexplored area
unexplored area
unexplored area
unexplored area
unexplored area
unexplored area
unexplored area
unexplored area
unexplored area
unexplored area
unexplored area
unexplored area
unexplored area
@invisible rogue called Izchak the Filcher
Einvisible stalker
wall
.floor of a room
.floor of a room
.floor of a room
@human tourist called rustyspoon
@peaceful high priestess of The Lady
.floor of a room
.floor of a room
wall
unexplored area
unexplored area
unexplored area
unexplored area
unexplored area
unexplored area
unexplored area
unexplored area
unexplored area
unexplored area
unexplored area
unexplored area
unexplored area
unexplored area
unexplored area
unexplored area
unexplored area
unexplored area
wall
.dark part of a room
.dark part of a room
.dark part of a room
.dark part of a room
unexplored area
unexplored area
unexplored area
unexplored area
unexplored area
unexplored area
unexplored area
unexplored area
unexplored area
unexplored area
unexplored area
unexplored area
unexplored area
unexplored area
unexplored area
unexplored area
unexplored area
unexplored area
unexplored area
unexplored area
unexplored area
unexplored area
unexplored area
unexplored area
unexplored area
unexplored area
unexplored area
unexplored area
unexplored area
unexplored area
unexplored area
unexplored area
unexplored area
unexplored area
unexplored area
unexplored area
unexplored area
unexplored area
unexplored area
unexplored area
unexplored area
unexplored area
unexplored area
unexplored area
unexplored area
unexplored area
Arenegade Angel of The Lady
wall
.floor of a room
.floor of a room
.floor of a room
.floor of a room
.floor of a room
.floor of a room
.floor of a room
wall
unexplored area
unexplored area
unexplored area
unexplored area
unexplored area
unexplored area
unexplored area
unexplored area
unexplored area
unexplored area
unexplored area
unexplored area
unexplored area
unexplored area
unexplored area
unexplored area
unexplored area
unexplored area
wall
wall
wall
wall
wall
wall
unexplored area
unexplored area
unexplored area
unexplored area
unexplored area
unexplored area
unexplored area
unexplored area
unexplored area
unexplored area
unexplored area
unexplored area
unexplored area
unexplored area
unexplored area
unexplored area
unexplored area
unexplored area
unexplored area
unexplored area
unexplored area
unexplored area
unexplored area
unexplored area
unexplored area
unexplored area
unexplored area
unexplored area
unexplored area
unexplored area
unexplored area
unexplored area
unexplored area
unexplored area
unexplored area
unexplored area
unexplored area
unexplored area
unexplored area
unexplored area
unexplored area
unexplored area
unexplored area
unexplored area
unexplored area
@renegade priestess of The Lady
wall
.floor of a room
.floor of a room
.floor of a room
.floor of a room
.floor of a room
.floor of a room
@invisible knight called Mike the Seignieur
wall
unexplored area
unexplored area
unexplored area
unexplored area
unexplored area
unexplored area
unexplored area
unexplored area
unexplored area
unexplored area
unexplored area
unexplored area
unexplored area
unexplored area
unexplored area
unexplored area
unexplored area
unexplored area
unexplored area
unexplored area
unexplored area
unexplored area
unexplored area
unexplored area
unexplored area
unexplored area
unexplored area
unexplored area
unexplored area
unexplored area
unexplored area
unexplored area
unexplored area
unexplored area
unexplored area
unexplored area
unexplored area
unexplored area
unexplored area
unexplored area
unexplored area
unexplored area
unexplored area
unexplored area
unexplored area
unexplored area
unexplored area
unexplored area
unexplored area
unexplored area
unexplored area
unexplored area
unexplored area
unexplored area
unexplored area
unexplored area
unexplored area
unexplored area
unexplored area
unexplored area
unexplored area
unexplored area
unexplored area
unexplored area
unexplored area
unexplored area
unexplored area
unexplored area
unexplored area
unexplored area
wall
wall
wall
wall
wall
wall
wall
wall
wall
unexplored area
AAngel of Offler
unexplored area
unexplored area
unexplored area
unexplored area
unexplored area
unexplored area
unexplored area
unexplored area
unexplored area
unexplored area
unexplored area
unexplored area
unexplored area
unexplored area
unexplored area
unexplored area
unexplored area
unexplored area
unexplored area
unexplored area
unexplored area
unexplored area
unexplored area
unexplored area
unexplored area
unexplored area
unexplored area
unexplored area
unexplored area
unexplored area
unexplored area
unexplored area
unexplored area
unexplored area
unexplored area
unexplored area
unexplored area
unexplored area
unexplored area
unexplored area
unexplored area
unexplored area
unexplored area
unexplored area
unexplored area
unexplored area
unexplored area
unexplored area
unexplored area
unexplored area
unexplored area
unexplored area
unexplored area
unexplored area
unexplored area
unexplored area
unexplored area
unexplored area
unexplored area
unexplored area
unexplored area
unexplored area
unexplored area
unexplored area
unexplored area
unexplored area
unexplored area
unexplored area
unexplored area
@priestess of Blind Io
unexplored area
unexplored area
Llich
@peaceful priestess of The Lady
unexplored area
unexplored area
unexplored area
unexplored area
unexplored area
unexplored area
unexplored area
unexplored area
unexplored area
unexplored area
unexplored area
unexplored area
unexplored area
unexplored area
unexplored area
unexplored area
unexplored area
unexplored area
unexplored area
unexplored area
unexplored area
unexplored area
unexplored area
unexplored area
unexplored area
unexplored area
unexplored area
unexplored area
unexplored area
unexplored area
unexplored area
unexplored area
unexplored area
unexplored area
unexplored area
unexplored area
unexplored area
unexplored area
unexplored area
unexplored area
unexplored area
unexplored area
unexplored area
unexplored area
unexplored area
unexplored area
unexplored area
unexplored area
unexplored area
unexplored area
unexplored area
unexplored area
unexplored area
unexplored area
unexplored area
unexplored area
unexplored area
unexplored area
unexplored area
unexplored area
unexplored area
unexplored area
unexplored area
unexplored area
unexplored area
unexplored area
unexplored area
unexplored area
unexplored area
unexplored area
unexplored area
unexplored area
unexplored area
unexplored area
unexplored area
unexplored area
unexplored area
unexplored area
unexplored area
unexplored area
unexplored area
unexplored area
unexplored area
unexplored area
unexplored area
unexplored area
unexplored area
unexplored area
unexplored area
unexplored area
unexplored area
unexplored area
unexplored area
unexplored area
unexplored area
unexplored area
unexplored area
unexplored area
unexplored area
unexplored area
unexplored area
unexplored area
unexplored area
unexplored area
unexplored area
unexplored area
unexplored area
unexplored area
unexplored area
unexplored area
unexplored area
unexplored area
unexplored area
unexplored area
unexplored area
unexplored area
unexplored area
[Rustyspoon the Traveler ] St:25 Dx:17 Co:17 In:18 Wi:18 Ch:18 Neutral Astral Plane $:0 HP:401(402) Pw:51(57) AC:-39 Xp:14 T:48196 Satiated

Latest messages:

The priestess of Blind Io misses the invisible Angel of The Lady.
The Angel of Blind Io zaps you with a magic missile!
The magic missile hits the priestess of Offler!
The magic missile whizzes by you!
The magic missile hits the invisible Angel of The Lady.
The priestess of Offler casts a spell!
The priestess of Offler summons insects!
The fiery blade burns the giant beetle!
You kill the giant beetle!
The high priestess intones:
"Pilgrim, you enter a sacred place!"
There is a broken door here.
You see here a giant beetle corpse.
The giant ant bites the giant beetle.
The giant beetle misses the giant ant.
The fire ant bites the giant beetle.
The fire ant bites the giant beetle.
The giant beetle is on fire!
Mike the invisible Seignieur turns to flee.
"Judgment hath been passed upon thee, rustyspoon."
The priestess of Blind Io swings her mace at the fire ant.
The priestess of Blind Io hits the fire ant.
The fire ant is killed!
The priestess of Offler swings her mace at the giant ant.
The priestess of Offler hits the giant ant.
The giant ant is killed!
The magic missile hits the giant beetle!
The magic missile whizzes by you!
The high priestess wields a mace!
You hear a chugging sound.
You hear a nearby zap.
You hear a chugging sound.
The priestess of Offler swings her mace at the giant beetle.
The priestess of Offler hits the giant beetle.
The giant beetle is killed!
The priestess of Blind Io swings her mace at the Angel of Offler.
The priestess of Blind Io hits the Angel of Offler.
The priestess of Blind Io misses the Angel of Offler.
There is a high altar to The Lady (neutral) here.
There is a high altar to The Lady (neutral) here.
There is a high altar to The Lady (neutral) here.
There is a high altar to The Lady (neutral) here.
There is a high altar to The Lady (neutral) here.
What do you want to sacrifice? [c or ?*]
You offer the Amulet of Yendor to The Lady...
An invisible choir sings, and you are bathed in radiance...
The voice of The Lady booms: "Mortal, thou hast done well!"
"In return for thy service, I grant thee the gift of Immortality!"
You ascend to the status of Demigoddess...
Do you want your possessions identified? [ynq] (y)

Inventory:

Amulets

M - an uncursed amulet of reflection (being worn)

Weapons

a - the blessed rustproof +6 Fire Brand (wielded in right hand)
w - a blessed +7 silver saber (wielded in left hand)
W - a blessed +1 athame named Demogorgonbane

Armor

A - a blessed fireproof +5 Hawaiian shirt with a hula dancer motif (being worn)
B - an uncursed +4 gray dragon scale mail (being worn)
C - an uncursed fireproof +5 oilskin cloak (being worn)
D - a blessed fireproof +4 pair of speed boots (being worn)
E - a blessed rustproof +5 pair of gauntlets of power (being worn)
F - a blessed greased rustproof +4 helm of telepathy (being worn)

Comestibles

f - an uncursed food ration
L - an uncursed lizard corpse named MCD

Rings

O - a blessed ring of free action (on left hand)
R - a blessed ring of conflict (on right hand)

Wands

d - an uncursed wand of death (0:7)
i - an uncursed wand of teleportation (1:7)
p - an uncursed wand of death (0:0)
z - an uncursed wand of digging (0:0)
I - an uncursed wand of digging (0:7)
K - an uncursed wand of teleportation (0:2)
Z - an uncursed wand of teleportation (0:3)

Tools

b - a blessed bag of holding containing 94 items
e - a blessed stethoscope
g - the uncursed Bell of Opening (0:2)
k - a cursed skeleton key
m - the blessed Platinum Yendorian Express Card
s - an uncursed sack named cancellation containing 4 items
t - an uncursed blindfold
u - a blessed +0 unicorn horn
v - a blessed magic lamp (lit)
X - the uncursed Candelabrum of Invocation (0 of 7 candles attached)

Gems/Stones

x - a blessed luckstone

Contents of the bag of holding:

an uncursed amulet of flying
an uncursed amulet of life saving
an uncursed amulet of life saving
an uncursed amulet of life saving
an uncursed amulet of life saving
an uncursed amulet of life saving
11 uncursed +7 elven daggers
the blessed rustproof +3 Magicbane
an uncursed +0 pair of water walking boots
an uncursed very rotted +0 mummy wrapping
6 uncursed food rations
2 blessed scrolls of scare monster
an uncursed scroll of scare monster
26 blessed scrolls of blank paper
2 blessed scrolls of charging
5 uncursed scrolls of charging
3 blessed scrolls of earth
7 blessed scrolls of enchant armor
a cursed scroll of enchant armor
2 uncursed scrolls of fire
3 blessed scrolls of gold detection
6 blessed scrolls of identify
2 blessed scrolls of magic mapping
7 blessed scrolls of remove curse
2 uncursed scrolls of remove curse
a blessed scroll of stinking cloud
an uncursed scroll of taming
a blessed scroll of teleportation
19 potions of holy water
an uncursed potion of water
2 potions of unholy water
2 uncursed diluted potions of extra healing
an uncursed potion of extra healing
2 blessed diluted potions of full healing
an uncursed diluted potion of full healing
3 blessed potions of levitation
a blessed potion of paralysis
2 uncursed potions of paralysis
an uncursed diluted potion of paralysis
an uncursed ring of conflict
an uncursed ring of conflict
an uncursed ring of conflict
an uncursed ring of free action
a blessed ring of levitation
a blessed ring of levitation
an uncursed ring of levitation
an uncursed ring of polymorph control
an uncursed ring of shock resistance
an uncursed ring of shock resistance
an uncursed ring of teleport control
an uncursed ring of teleport control
an uncursed ring of teleport control
an uncursed ring of teleport control
an uncursed ring of teleport control
an uncursed wand of slow monster (0:4)
an uncursed wand of slow monster (0:7)
an uncursed wand of slow monster (0:7)
an uncursed wand of cold (0:8)
an uncursed wand of cold (0:4)
an uncursed wand of cold (1:5)
an uncursed wand of death (1:8)
an uncursed wand of digging (0:6)
an uncursed wand of digging (0:5)
an uncursed wand of digging (0:5)
an uncursed wand of digging (0:5)
an uncursed wand of digging (2:4)
an uncursed wand of digging (0:8)
an uncursed wand of digging (0:5)
an uncursed wand of fire (0:8)
an uncursed wand of fire (0:7)
an uncursed wand of fire (0:3)
an uncursed wand of fire (0:4)
an uncursed wand of fire (0:5)
an uncursed wand of lightning (0:0)
an uncursed wand of lightning (2:4)
an uncursed wand of lightning (0:7)
an uncursed wand of lightning (0:3)
an uncursed wand of lightning (0:4)
an uncursed wand of secret door detection (0:11)
an uncursed wand of secret door detection (0:12)
an uncursed wand of teleportation (1:7)
an uncursed wand of teleportation (0:7)
an uncursed wand of teleportation (0:7)
an uncursed wand of teleportation (0:5)
an uncursed wand of teleportation (1:4)
an uncursed wand of wishing (0:1)
an uncursed bugle
4 uncursed wax candles
7 uncursed tallow candles
an uncursed magic marker (0:90)
an uncursed magic marker (1:55)
an uncursed magic marker (0:22)
an uncursed amethyst stone
a blessed touchstone

Contents of the sack named cancellation:

an uncursed wand of cancellation (2:3)
an uncursed wand of cancellation (1:5)
an uncursed wand of cancellation (0:5)
an uncursed wand of cancellation (0:5)

Rustyspoon the Tourist's attributes:


Background:

You were a Traveler, a level 14 female human Tourist.
You were neutral, on a mission for The Lady
who was opposed by Blind Io (lawful) and Offler (chaotic).
You were in the endgame, on the Astral Plane.
You entered the dungeon 48196 turns ago.
You had 94101 experience points, 65899 more were needed to attain level 15.

Basics:

You had 401 out of 402 hit points.
You had 51 out of 57 energy points (spell power).
Your armor class was -39.
Your wallet was empty.
Autopickup was off.

Final Characteristics:

Your strength was 25 (base:18/13, innate limit:18/100).
Your dexterity was 17 (peak:18, limit:18).
Your constitution was 17 (peak:18, limit:18).
Your intelligence was 18 (limit:18).
Your wisdom was 18 (limit:18).
Your charisma was 18 (limit:18).

Final Status:

You were satiated.
You were unencumbered.
You were wielding two weapons at once.
Your two weapon skill was limited by being basic with long sword.
Your two weapon skill was also limited by being basic with saber.
You could have enhanced skill with saber.

Final Attributes:

You were the Envoy of Balance.
You were piously aligned.
You were magic-protected.
You were fire resistant.
Your items were protected from fire.
You were cold resistant.
You were sleep resistant.
You were disintegration-resistant.
You were shock resistant.
You were poison resistant.
You saw invisible.
You were telepathic.
You had automatic searching.
You caused conflict.
You could teleport.
You had teleport control.
You had a moderate defense bonus (+9).
You were guarded.
You took half spell damage.
You were very fast.
You had reflection.
You had free action.
You were extremely lucky.
You had extra luck.
Good luck did not time out for you.
You survived.

Miscellaneous:
You encountered 2 bones levels.
Total elapsed playing time was 6 hours, 18 minutes and 46 seconds.

Major events:

Turn

1: rustyspoon the neutral female human Tourist entered the dungeon
440: entered the Gnomish Mines
1316: attained the rank of Sightseer (level 3)
5412: attained the rank of Excursionist (level 6)
6934: destroyed Gandelf's ghost, the former Initiate
8132: destroyed PetraKelly's ghost, the former Adept
9710: made her first wish - "blessed greased +2 gray dragon scale mail", got "a greased gray dragon scale mail"
10709: entered Sokoban
10957: completed 1st Sokoban level
11631: completed 2nd Sokoban level
12076: completed 3rd Sokoban level
13043: completed 4th Sokoban level
13122: attained the rank of Peregrinatrix (level 10)
13282: acquired the Sokoban bag of holding
16742: acquired the Mines' End luckstone
17615: was bestowed with Cleaver by The Lady
18215: was bestowed with Magicbane by The Lady
28541: became The Lady's Envoy of Balance
28541: was bestowed with Vorpal Blade
29070: was bestowed with Fire Brand by The Lady
33578: killed Medusa
34332: attained the rank of Traveler (level 14)
36490: entered Gehennom
42092: found the Platinum Yendorian Express Card on the floor
42102: killed the Master of Thieves
42109: acquired the Bell of Opening
43252: wished for "blessed fixed greased +2 helm of telepathy", got "a greased visored helmet"
43265: wished for "blessed fixed greased +2 oilskin cloak", got "a greased slippery cloak"
44017: killed Asmodeus
44231: killed Juiblex
44424: bribed Baalzebub with 80 zorkmids for safe passage
45233: destroyed Vlad the Impaler
45235: acquired the Candelabrum of Invocation
45546: killed Orcus
46689: killed the high priestess of Moloch
46696: acquired The Amulet of Yendor
47197: killed Demogorgon
47201: killed Yeenoghu
47905: entered the Elemental Planes
47905: entered Plane of Earth
47906: killed the Wizard of Yendor
47986: entered Plane of Air
48057: entered Plane of Fire
48086: entered Plane of Water
48115: entered the Astral Plane
48124: killed Pestilence
48152: killed Pestilence (2nd time)
48182: killed Famine
48196: ascended

Vanquished creatures:

Demogorgon
Asmodeus
Orcus
Yeenoghu
Juiblex
the Wizard of Yendor
Pestilence (twice)
Famine
Vlad the Impaler
an arch-lich
a high cleric
2 mastodons
Medusa
a kraken
the Master of Thieves
4 iron golems
4 master liches
5 storm giants
a glass golem
4 balrogs
4 purple worms
a gray dragon
a gold dragon
2 silver dragons
a red dragon
2 black dragons
a green dragon
a yellow dragon
10 minotaurs
a jabberwock
7 baluchitheria
6 Angels
4 demiliches
a stone golem
4 master mind flayers
4 Olog-hai
3 Nazgul
4 pit fiends
4 sandestins
2 hell hounds
2 displacer beasts
a titanothere
5 trappers
a baby green dragon
2 guardian nagas
a genetic engineer
a disenchanter
19 vampire leaders
3 skeletons
2 shopkeepers
9 aligned clerics
8 captains
6 shades
8 liches
2 clay golems
4 nurses
3 nalfeshnees
3 lurkers above
an Aleax
2 frost giants
3 ettins
2 black puddings
29 vampires
11 lieutenants
38 ghosts
a queen bee
4 winged gargoyles
a mind flayer
13 giant mimics
6 long worms
8 zruties
2 fire giants
4 ogre tyrants
6 rock trolls
an umber hulk
a flesh golem
3 elven monarchs
2 doppelgangers
4 bone devils
9 large mimics
a wumpus
2 fire vortices
6 couatls
11 stalkers
9 air elementals
4 fire elementals
4 earth elementals
6 water elementals
2 hill giants
5 black nagas
7 xorns
11 giant zombies
4 elf-nobles
25 sergeants
2 water demons
9 barbed devils
5 vrocks
a salamander
8 wargs
5 winter wolves
2 hell hound pups
26 small mimics
a glass piercer
4 warhorses
3 steam vortices
7 xans
4 ettin mummies
4 ogre leaders
3 quantum mechanics
7 trolls
a sasquatch
4 wood golems
3 erinyes
5 mariliths
a djinni
5 sharks
an electric eel
8 gelatinous cubes
2 pyrolisks
3 large dogs
4 freezing spheres
5 flaming spheres
8 shocking spheres
2 large cats
6 tigers
7 gargoyles
2 dwarf rulers
8 tengu
12 ochre jellies
6 leocrottas
3 energy vortices
7 mountain centaurs
13 stone giants
an elf mummy
5 human mummies
2 red nagas
2 green slimes
2 pythons
2 pit vipers
2 cobras
52 wraiths
a carnivorous ape
15 ettin zombies
3 leather golems
11 Grey-elves
120 soldiers
a watchman
9 amorous demons
4 horned devils
7 chameleons
3 crocodiles
20 giant beetles
8 quivering blobs
12 cockatrices
a wolf
5 winter wolf cubs
4 lynxes
3 panthers
7 gremlins
80 leprechauns
11 orc-captains
2 iron piercers
2 mumakil
107 giant spiders
10 scorpions
7 horses
an ice vortex
4 black lights
5 vampire bats
21 forest centaurs
6 gnome rulers
3 orc mummies
5 dwarf mummies
12 ogres
9 brown puddings
11 rust monsters
4 owlbears
6 yetis
2 gold golems
2 werewolves
5 Green-elves
2 piranha
6 giant eels
15 lizards
7 chickatrices
4 dingoes
3 dogs
2 housecats
2 jaguars
5 dwarf leaders
4 blue jellies
7 white unicorns
4 black unicorns
5 dust vortices
30 ravens
8 plains centaurs
a Kop Kaptain
8 gnome mummies
7 snakes
6 water moccasins
5 apes
24 human zombies
a rope golem
7 Woodland-elves
18 soldier ants
11 fire ants
3 bugbears
3 lemures
5 quasits
5 wood nymphs
6 water nymphs
5 mountain nymphs
23 Mordor orcs
15 Uruk-hai
4 orc shamans
8 rock piercers
4 rock moles
5 ponies
6 fog clouds
15 yellow lights
2 shriekers
2 violet fungi
15 gnome leaders
3 gnomish wizards
4 Kop Lieutenants
3 kobold mummies
7 gray oozes
2 barrow wights
20 elf zombies
20 ghouls
3 straw golems
2 jellyfish
33 giant ants
a little dog
22 floating eyes
a kitten
20 dwarves
3 homunculi
2 kobold leaders
47 hill orcs
33 rothes
6 rabid rats
7 centipedes
8 giant bats
5 monkeys
13 orc zombies
18 dwarf zombies
8 wererats
2 werejackals
14 iguanas
25 killer bees
3 acid blobs
10 coyotes
3 gas spores
8 hobbits
4 manes
2 large kobolds
9 hobgoblins
3 orcs
6 giant rats
15 cave spiders
a brown mold
6 yellow molds
2 green molds
51 gnomes
5 Keystone Kops
5 garter snakes
11 gnome zombies
8 geckos
9 jackals
6 foxes
2 kobolds
3 goblins
5 sewer rats
22 grid bugs
a bat
12 lichens
20 kobold zombies
15 newts
2147 creatures vanquished.

Extinct species:

giant spiders (extinct)
soldiers (extinct)
erinyes (extinct)
3 species extinct.

Voluntary challenges:

You read items or engraved 117 times.
You engraved Elbereth 6 times.
You never genocided any monsters.
You never changed form.
You used 3 wishes.
You did not wish for any artifacts.
You did not violate any of the special Sokoban rules.

Achievements:

You entered the Gnomish Mines.
You attained the rank of Sightseer.
You entered a shop.
You attained the rank of Excursionist.
You entered Sokoban.
You attained the rank of Peregrinatrix.
You completed Sokoban.
You completed the Gnomish Mines.
You defeated Medusa.
You attained the rank of Traveler.
You learned the tune to open and close the Castle's drawbridge.
You entered Gehennom.
You entered a temple.
You had the Bell of Opening.
You had the Candelabrum of Invocation.
You reached the Elemental Planes.
You reached the Astral Plane.
You delivered the Amulet of Yendor.
You ascended!

The Elemental Planes:

   Astral Plane: <- You are here.
Some temples.
Plane of Water:
Plane of Fire:
Plane of Air:
Plane of Earth:

The Dungeons of Doom: levels 1 to 28

   Level 1:
A fountain.
One way stairs up to The Elemental Planes.
Level 2:
A grave.
Stairs down to The Gnomish Mines.
Level 3:
A fountain.
Level 4:
Some fountains.
Level 5: "unfriendly shopkeeper"
An untended shop.
Level 6:
Some fountains, some sinks.
Level 7:
Final resting place for
Gandelf-Mon-Hum-Mal-Neu, killed by a water demon.
Level 8:
A fountain.
Level 9:
A fountain.
Oracle of Delphi.
Final resting place for
PetraKelly-Pri-Elf-Fem-Cha, killed by a gargoyle.
Level 10:
An untended shop.
Stairs up to Sokoban, level 9.
Level 11: "polytrap"
A fountain, a grave.
Level 12: "warhorse"
A fountain.
Level 13:
A general store, some fountains, a grave.
Level 14:
Level 15:
A primitive area.
Level 16:
Portal to The Quest.
Level 17: "barracks"
A grave.
Level 18:
A sink.
Level 19:
Level 20: "backup holding in chest"
A fountain.
Level 21:
Level 22:
A fountain.
Level 23:
Level 24:
Level 25:
A fountain, many trees.
Level 26:
An altar to The Lady.
Level 27:
Level 28:
The castle (play notes "AFAGF" to open or close drawbridge).
Connection to Gehennom.

Gehennom: levels 29 to 52

   Level 29: "BoH _"
A temple, many graves.
Valley of the Dead.
Level 30:
Level 31:
Level 32:
Level 33:
Level 34:
Level 35:
Level 36:
Level 37:
Level 38:
Level 39:
Stairs up to Vlad's Tower, level 38.
Level 40:
Level 41:
Level 42:
Some shops, an altar, many graves.
Level 43:
Level 44:
Level 45:
Level 46:
Level 47:
Level 48:
Level 49:
Level 50:
Level 51:
Gateway to Moloch's Sanctum.
Level 52:
A temple, many graves.
Moloch's Sanctum.

The Gnomish Mines: levels 3 to 10

   Level 3: "sell stash >"
Level 4:
Level 5: "WARNING balrog below, VORPAL, stuff under 0"
An altar to The Lady, some fountains.
Level 6:
Level 7:
Level 8:
Level 9:
Level 10:

The Quest: levels 1 to 6

   Level 1:
A throne, many graves.
Completed quest for Twoflower.
Level 2:
Level 3:
Some shops, some graves.
Level 4:
Level 5:
Level 6:
Some shops, some graves.

Sokoban: levels 9 up to 6

   Level 6:
Solved.
Level 7:
Solved.
Level 8:
Solved.
Level 9: "tripe, +1 orc helmet/shield under 0"
Solved.

Vlad's Tower: levels 38 up to 36

   Level 36:
Level 37:
Level 38:

Aloha rustyspoon the Demigoddess...


You went to your reward with 2115416 points,
Fire Brand (worth 3000 zorkmids and 7500 points)
Magicbane (worth 3500 zorkmids and 8750 points)
The Bell of Opening (worth 5000 zorkmids and 12500 points)
The Platinum Yendorian Express Card (worth 7000 zorkmids and 17500 points)
The Candelabrum of Invocation (worth 5000 zorkmids and 12500 points)
and 0 pieces of gold, after 48196 moves.
You were level 14 with a maximum of 402 hit points when you ascended.